 Dungeon Crawl Stone Soup version 0.23.1-37-gaa34b87b72 (webtiles) character file.

Game seed: 15673767631972863457

54 Morbidden the Skirmisher (level 3, 6/34 HPs)
             Began as a Demonspawn Wanderer on Mar 23, 2019.
             Quit the game on level 2 of the Dungeon.
             The game lasted 00:02:02 (808 turns).

Morbidden the Skirmisher (Demonspawn Wanderer)       Turns: 808, Time: 00:02:03

Health: 6/34       AC:  4    Str: 16    XL:     3   Next: 66%
Magic:  3/4        EV: 12    Int: 14    God:
Gold:   70         SH:  0    Dex: 11    Spells: 2/2 levels left

rFire    . . .     SeeInvis .   a - +0 shortbow
rCold    . . .     Gourm    .   (shield currently unavailable)
rNeg     . . .     Faith    .   e - +0 robe
rPois    .         Spirit   .   (helmet restricted)
rElec    .         Reflect  .   (no cloak)
rCorr    .         Harm     .   l - +0 pair of gloves
MR       .....                  (no boots)
Stlth    +.........             (no amulet)
HPRegen  0.11/turn              m - +3 ring of strength
MPRegen  0.09/turn              (no ring)

@: no status effects
A: horns 1, icy blue scales 1, deformed body, deterioration 1, rot immunity,
MP-powered wands
a: no special abilities


You were on level 2 of the Dungeon.
You were not hungry.

You visited 1 branch of the dungeon, and saw 2 of its levels.

You collected 70 gold pieces.

Inventory:

Hand Weapons
 a - a +0 shortbow (weapon)
Missiles
 d - 34 arrows (quivered)
Armour
 e - a +0 robe (worn)
 l - a +0 pair of gloves (worn)
Jewellery
 m - a +3 ring of strength (left hand)
Scrolls
 b - a scroll of teleportation
 g - a scroll of magic mapping {unknown}
 k - 2 scrolls of identify {unknown}
Potions
 i - a potion of lignification {unknown}
 j - a potion of invisibility {unknown}
Miscellaneous
 c - a lamp of fire
Comestibles
 f - 5 rations


   Skills:
 + Level 6.0 Fighting
 - Level 1.0 Bows
 + Level 1.8 Dodging
 + Level 1.0 Stealth
 + Level 1.4 Evocations


You had 2 spell levels left.
You didn't know any spells.
Your spell library was empty.

Dungeon Overview and Level Annotations

Branches:
Dungeon (2/15)

Altars:


Innate Abilities, Weirdness & Mutations

You are partially covered in icy blue scales. (AC +2)
You are immune to rotting.
You have a pair of small horns on your head.
Armour fits poorly on your strangely shaped body.
Your body sometimes deteriorates upon taking damage.
You expend magic power (3 MP) to strengthen your wands.


Message History

The gnoll is moderately wounded.
The frilled lizard closely misses you.
The gnoll hits you from afar with a +0 halberd.
* * * LOW HITPOINT WARNING * * *
The gnoll hits you.
* * * LOW HITPOINT WARNING * * *
Unknown command.
Quiver which item? (- for none, * to show all) (? for menu, Esc to quit)
You don't have any such object.
Quiver which item? (- for none, * to show all) (? for menu, Esc to quit)
Okay, then.
Unknown command.
Are you sure you want to abandon this character and quit the game? (Confirm with "yes".)
Okay, then.
Are you sure you want to abandon this character and quit the game? (Confirm with "yes".)
Okay, then.
Are you sure you want to abandon this character and quit the game? (Confirm with "yes".)
Okay, then.
Unknown command.
Are you sure you want to abandon this character and quit the game? (Confirm with "yes".)

...............
#.###....######
.........##
..#####...#
#.......#
#.####..# #..#
##.# #@## #lg#
#g.# ##.# #))
#(.# ##(. .(#
#.#


You could see 2 gnolls and a frilled lizard.

Vanquished Creatures
  2 gnolls (D:2)
  An ooze (D:1)
  2 dart slugs (D:1)
  9 bats
  A giant cockroach (D:1)
  3 goblins (D:1)
  3 hobgoblins (D:1)
  3 kobolds (D:1)
  3 frilled lizards (D:1)
  A rat (D:1)
28 creatures vanquished.

Notes
Turn   | Place    | Note
-------+----------+-------------------------------------------
     0 | D:1      | Morbidden the Demonspawn Wanderer began the quest for the
                  | Orb.
     0 | D:1      | Morbidden set off with the following items: a +0 shortbow,
                  | a scroll of teleportation, a lamp of fire, 26 arrows, a +0
                  | robe, a ration
     0 | D:1      | Reached XP level 1. HP: 21/21 MP: 1/1
   180 | D:1      | Gained mutation: You are partially covered in icy blue
                  | scales. (AC +2) [demonic ancestry]
   180 | D:1      | Reached XP level 2. HP: 27/27 MP: 2/2
   488 | D:1      | Gained mutation: You are immune to rotting. [demonic
                  | ancestry]
   488 | D:1      | Reached XP level 3. HP: 34/34 MP: 3/3
   798 | D:2      | Reached skill level 6 in Fighting
   806 | D:2      | Gained mutation: You expend magic power (3 MP) to
                  | strengthen your wands. [potion of mutation]
   806 | D:2      | Gained mutation: Armour fits poorly on your strangely
                  | shaped body. [potion of mutation]
   806 | D:2      | Gained mutation: Your body sometimes deteriorates upon
                  | taking damage. [potion of mutation]
   806 | D:2      | Gained mutation: You have a pair of small horns on your
                  | head. [potion of mutation]
   808 | D:2      | Quit the game

Skill      XL: |  1  2  3 |
---------------+----------+-----
Fighting       | 6 |  6.0
Bows           | |  1.0
Dodging        | |  1.8
Stealth        | |  1.0
Evocations     | |  1.4

Action                   || total
-------------------------++-------
 Fire: Shortbow          ||    87
  Use: Potion            ||     1
Armor: Robe              ||     6
Dodge: Dodged            ||    40
